 Dungeon Crawl Stone Soup version 0.24.1-5-g77f818bfca (webtiles) character file.

Game seed: 9392902357023946755, levelgen mode: deterministic

228 Gynju the Chopper (level 6, 0/47 HPs)
             Began as a Formicid Fighter on Apr 24, 2020.
             Succumbed to a scorpion's poison
             ... on level 4 of the Dungeon.
             The game lasted 00:01:57 (1917 turns).

Gynju the Chopper (Formicid Fighter)                Turns: 1917, Time: 00:01:57

Health: 0/47       AC:  6    Str: 23    XL:     6   Next: 23%
Magic:  6/6        EV:  8    Int:  7    God:
Gold:   101        SH:  9    Dex: 10    Spells: 5/5 levels left

rFire    . . .     SeeInvis +   a - +0 war axe
rCold    . . .     Gourm    .   c - +0 shield
rNeg     . . .     Faith    .   b - +0 scale mail
rPois    .         Spirit   .   (helmet unavailable)
rElec    .         Reflect  .   (no cloak)
rCorr    .         Harm     .   (no gloves)
MR       .....                  (no boots)
Stlth    ..........             (no amulet)
HPRegen  0.15/turn              (no ring)
MPRegen  0.10/turn              (no ring)

@: lethally poisoned (0 -> -3)
A: permanent stasis, dig shafts and tunnels, four strong arms, antennae 3
a: Dig, Shaft Self


You were on level 4 of the Dungeon.
You were not hungry.

You visited 2 branches of the dungeon, and saw 4 of its levels.

You collected 101 gold pieces.

Inventory:

Hand Weapons
 a - a +0 war axe (weapon)
Armour
 b - a +0 scale mail (worn)
 c - a +0 shield (worn)
Scrolls
 g - 3 scrolls of identify {unknown}
 j - a scroll of magic mapping {unknown}
 l - a scroll of remove curse {unknown}
 m - a scroll of teleportation {unknown}
 p - a scroll of random uselessness {unknown}
 q - a scroll of amnesia {unknown}
Potions
 d - a potion of might
 e - a potion of cancellation {unknown}
 i - a potion of curing {unknown}
 k - a potion of haste {unknown}
 n - 2 potions of flight {unknown}
 o - a potion of agility {unknown}
Comestibles
 f - 3 rations


   Skills:
 - Level 3.2 Fighting
 + Level 6.1 Axes
 - Level 3.2 Armour
 - Level 3.6 Shields


You had 5 spell levels left.
You didn't know any spells.
Your spell library was empty.

Dungeon Overview and Level Annotations

Branches:
Dungeon (4/15)             Temple (1/1) D:4

Altars:
Elyvilon
Hepliaklqana
Kikubaaqudgha
Qazlal
Uskayaw
Vehumet
Wu Jian
Yredelemnul
Zin
The Shining One


Innate Abilities, Weirdness & Mutations

You cannot be hasted, slowed, berserked, paralysed or teleported.
You can dig through walls and to a lower floor.
Your four strong arms can wield two-handed weapons with a shield.
You have a pair of large antennae on your head. (SInv)


Message History

You feel sick. The scorpion stings you.
* * * LOW HITPOINT WARNING * * *
The scorpion barely misses you.
You slash the scorpion!
The scorpion is severely wounded.
You block the scorpion's attack.
You barely miss the scorpion.
The scorpion is severely wounded.
* * * LOW HITPOINT WARNING * * *
You feel sick. You block the scorpion's attack.
You slash the scorpion!
You kill the scorpion!
Your Axes skill increases to level 6!
You have reached level 6!
Your experience leads to an increase in your attributes!
Increase (S)trength, (I)ntelligence, or (D)exterity?
You feel stronger. The orc hits you with a +0 hand axe.
* * * LOW HITPOINT WARNING * * *
You die...

.# #.# ##...## .# #.###
##.....## ## #.#.##
##.......##
#####..).####.........#
............'.........+
#####....####.........#
#.#.## ##.......##
#.### ##.....## #.#
##@..## #.# ##'## #.#
#o# #.# #o# ### #.#
#...# ...>..# ♣♣♣♣♣
#.......o. ....♣
#..#..##.##


You could see 2 orcs.

Vanquished Creatures
  2 scorpions (D:4)
  An orc priest (D:4)
  A bullfrog skeleton (D:4)
  A worker ant (D:4)
  A hound skeleton (D:4)
  A worm (D:4)
  2 dart slugs (D:1)
  2 leopard geckos (D:1)
  An orc (D:4)
  2 giant cockroaches (D:1)
  5 hobgoblins
  A ball python (D:1)
  7 bats (D:1)
  2 frilled lizards (D:1)
  3 goblins (D:1)
  3 kobolds (D:1)
  4 rats
39 creatures vanquished.

Notes
Turn   | Place    | Note
-------+----------+-------------------------------------------
     0 | D:1      | Gynju the Formicid Fighter began the quest for the Orb.
     0 | D:1      | Reached XP level 1. HP: 18/18 MP: 1/1
   137 | D:1      | Reached XP level 2. HP: 22/24 MP: 2/2
   195 | D:1      | Reached skill level 3 in Axes
   259 | D:1      | Reached XP level 3. HP: 29/29 MP: 3/3
   780 | D:2      | Found a white marble altar of Elyvilon.
   898 | D:2      | You fall into a shaft and drop 2 floors!
  1092 | D:4      | Found a staircase to the Ecumenical Temple.
  1092 | D:4      | Noticed a scorpion
  1103 | D:4      | Killed a scorpion
  1103 | D:4      | Reached skill level 4 in Axes
  1103 | D:4      | Reached XP level 4. HP: 23/35 MP: 4/4
  1112 | Temple   | Entered the Ecumenical Temple
  1507 | D:4      | Reached XP level 5. HP: 29/41 MP: 5/5
  1654 | D:4      | Reached skill level 5 in Axes
  1916 | D:4      | Reached skill level 6 in Axes
  1916 | D:4      | Reached XP level 6. HP: 4/47 MP: 6/6
  1916 | D:4      | HP: 1/47 [orc/+0 hand axe (3)]
  1917 | D:4      | Succumbed to a scorpion's poison

Levels and vault maps discovered:
D:1:      matt_arrival_diagonals, layout_loops_ring
D:2:      layout_basic, nicolae_overflow_hidden_temple, bh_walls_and_bars
D:4:      layout_loops_corners, fedhas_altar_4, minmay_temple_entry_tees,
          corner_web_ring, uniq_pikel, uniq_grinder, uniq_duvessa
Temple:   compressed_dpeg_triangle_lava_temple

Skill      XL: |  1  2  3  4  5 |
---------------+----------------+-----
Axes           | 3 4 6 |  6.1
Fighting       | |  3.2
Armour         | |  3.2
Shields        | |  3.6

Action                   |  1- 3 |  4- 6 || total
-------------------------+-------+-------++-------
Melee: War axe           |   118 |    31 ||   149
  Eat: Chunk             |     1 |     2 ||     3
Armor: Scale mail        |    55 |     9 ||    64
Dodge: Dodged            |    37 |     6 ||    43
Block: Shield            |    63 |    18 ||    81
